 Dungeon Crawl Stone Soup version 0.29.1-15-g9cfb28693d (webtiles) character file.

Game seed: 12202936690731684886

126 adizb the Trooper (level 4, 0/41 HPs)
             Began as a Draconian Gladiator on Apr 23, 2023.
             Succumbed to Crazy Yiuf's poison
             ... on level 3 of the Dungeon.
             The game lasted 00:06:30 (1963 turns).

adizb the Trooper (Draconian Gladiator)             Turns: 1963, Time: 00:06:31

Health: 0/41       AC: 16    Str: 18    XL:     4   Next: 83%
Magic:  4/4        EV: 10    Int:  8    God:
Gold:   128        SH:  7    Dex: 13    Spells: 3/3 levels left

rFire   . . .      SeeInvis .   k - +2 flail (protect)
rCold   . . .      Faith    .   i - +0 kite shield
rNeg    . . .      Spirit   .   (body armour unavailable)
rPois   .          Reflect  .   b - +0 hat
rElec   .          Harm     .   (no cloak)
rCorr   .          Rampage  .   (no gloves)
Will    .....                   (no boots)
Stlth   +.........              (no amulet)
HPRegen 0.13/turn               m - +4 ring of protection
MPRegen 0.09/turn               (no ring)

@: brilliant, lethally poisoned (0 -> -3), under a protective aura, flying
A: AC +5, unfitting armour, cold-blooded
a: no special abilities


You were on level 3 of the Dungeon.
You visited 1 branch of the dungeon, and saw 3 of its levels.

You collected 128 gold pieces.

Inventory:

Hand Weapons
 a - a +0 flail
 k - a +2 flail of protection (weapon)
 n - a +1 vorpal hand axe
Armour
 b - a +0 hat (worn)
 i - a +0 kite shield (worn)
Jewellery
 g - an amulet of faith
 m - a +4 ring of protection (left hand)
Scrolls
 c - a scroll of enchant weapon {unknown}
 f - a scroll of fog {unknown}
 j - a scroll of vulnerability {unknown}
 l - a scroll of poison {unknown}
 o - a scroll of immolation {unknown}
 q - a scroll of teleportation


   Skills:
 * Level 4.4 Fighting
 + Level 3.8 Maces & Flails
 - Level 1.7 Throwing
 - Level 2.6 Dodging
 + Level 1.6 Shields


You had 3 spell levels left.
You didn't know any spells.
Your spell library contained the following spells:

 Spells                   Type           Power      Damage    Failure   Level
 Call Canine Familiar     Summ           0%         N/A       99%         3
 Portal Projectile        Hex/Tloc       0%         N/A       99%         3
 Leda's Liquefaction      Hex/Erth       0%         N/A       100%        4
 Fireball                 Conj/Fire      0%         3d3       100%        5
 Iskenderun's Battlesphe  Conj           0%         2d6       100%        5
 Conjure Ball Lightning   Conj/Air       0%         3x3d6     100%        6
 Orb of Destruction       Conj           0%         9d5       100%        7


Dungeon Overview and Level Annotations

Branches:
Dungeon (3/15)

Altars:

Annotations:
D:3 Crazy Yiuf


Innate Abilities, Weirdness & Mutations

Your plain brown scales are hard. (AC +5)
You cannot fit into any form of body armour.
You are cold-blooded and may be slowed by cold attacks.


Message History

Crazy Yiuf grits, "Papa!
Whiteboard dark snail."
Crazy Yiuf hits you with a +4 quarterstaff of chaos.
You hit Crazy Yiuf.
Your weapon exudes an aura of protection.
Crazy Yiuf is heavily wounded.
Crazy Yiuf cries, "Cholesterol!"
Crazy Yiuf hits you with a +4 quarterstaff of chaos!
You closely miss Crazy Yiuf.
Crazy Yiuf is heavily wounded.
Crazy Yiuf hits you but does no damage.
You are electrocuted!
* * * LOW HITPOINT WARNING * * *
Crazy Yiuf barely misses you.
You hit Crazy Yiuf.
Crazy Yiuf is severely wounded.
Crazy Yiuf hits you but does no damage.
You hit Crazy Yiuf but do no damage.
Crazy Yiuf is severely wounded.
Crazy Yiuf hits you with a +4 quarterstaff of chaos.
* * * LOW HITPOINT WARNING * * *
You feel yourself speed up.
You closely miss Crazy Yiuf.
Crazy Yiuf is severely wounded.
Crazy Yiuf hits you with a +4 quarterstaff of chaos.
* * * LOW HITPOINT WARNING * * *
You are lethally poisoned!
Okay, then.
It was a potion of cancellation.
Your magical effects are unravelling.
You feel magically purged.
You feel yourself slow down.
* * * LOW HITPOINT WARNING * * *
You feel sick. Crazy Yiuf barely misses you.
It was a potion of brilliance.
You feel clever all of a sudden.
* * * LOW HITPOINT WARNING * * *
You feel sick. Crazy Yiuf closely misses you.
It was a potion of flight.
You feel very buoyant.
You fly up into the air.
You die...

,**,,**,*
#+##.#####.###.#
,**,,**,*
***###.........#
,,,,,,,,*
######.####
****,**,** #####
##.## *,*,,,***
#.()# #####...####
*,,,,,,,* #...#
#'.........†
*,,,,,*** *...*
#####...####
***,,** *#g#*
##.## *,** ♣♣@♣
#.# *****,*****
♣.♣♣ #.###
*,,,,,,,,,* ♣♣.♣
#...# *,***,***,*
♣.♣♣ ###.# *,* *,*
*,* ♣♣.♣♣ #.# *,*
*,***,* ♣...♣♣ #.#
*,***,,,,,* ♣PPP.♣
#.# *,,,,,,,,,*
##..## #.#
***********
#....###########.#


You could see Crazy Yiuf.

Vanquished Creatures
  4 gnolls
  5 adders
  A worm (D:3)
  A dart slug (D:1)
  3 ball pythons (D:1)
  3 endoplasms
  9 goblins
  2 hobgoblins
  A quokka (D:3)
  3 bats
  3 frilled lizards
  A kobold (D:3)
  6 rats
42 creatures vanquished.

Notes
Turn   | Place    | Note
-------+----------+-------------------------------------------
     0 | D:1      | adizb the Draconian Gladiator began the quest for the Orb.
     0 | D:1      | Reached XP level 1. HP: 17/17 MP: 1/1
   130 | D:1      | Reached skill level 3 in Fighting
   130 | D:1      | Reached XP level 2. HP: 5/26 MP: 2/2
   532 | D:1      | Found a faded altar of an unknown god.
   921 | D:1      | Reached XP level 3. HP: 29/31 MP: 3/3
  1313 | D:2      | Reached skill level 1 in Shields
  1313 | D:2      | Reached XP level 4. HP: 29/40 MP: 4/4
  1432 | D:2      | Reached skill level 4 in Fighting
  1950 | D:3      | Found a runed translucent door.
  1951 | D:3      | Noticed Crazy Yiuf
  1961 | D:3      | HP: 2/41 [poisoned by Crazy Yiuf]
  1963 | D:3      | Succumbed to Crazy Yiuf's poison

Illustrated notes

Levels and vault maps discovered:
D:1:      mrwooster_arrival_arrow, layout_loops_ring,
          hellmonk_ecumenical_altar_inner_sanctum,
          chequers_serial_rivers_large_a, hangedman_decor_opposing
D:2:      layout_basic
D:3:      layout_loops_corners, wad_rectangle_vault, uniq_terence,
          uniq_crazy_yiuf_cottage

Skill      XL: |  1  2  3  4 |
---------------+-------------+-----
Fighting       | 3 4 |  4.4
Shields        | 1 |  1.6
Maces & Flails | |  3.8
Throwing       | |  1.7
Dodging        | |  2.6

Action                   |  1- 3 |  4- 6 || total
-------------------------+-------+-------++-------
Melee: Flail             |    75 |    47 ||   122
       Tailslap          |     5 |    10 ||    15
Throw: Throwing net      |     4 |       ||     4
       Javelin           |     1 |     1 ||     2
  Use: Potion            |       |     3 ||     3
       Scroll            |       |     2 ||     2
 Stab: Held in net/web   |     2 |       ||     2
       Sleeping          |     2 |       ||     2
Armor: Skin              |    33 |    17 ||    50
Dodge: Dodged            |    40 |    23 ||    63
Block: Kite shield       |    21 |    19 ||    40
